 Dungeon Crawl Stone Soup version 0.21-a0-401-g0b6bec4 (webtiles) character file.

2325 kae the Frost Mage (level 9, -4/57 HPs)
             Began as a Demonspawn Ice Elementalist on Oct 22, 2017.
             Was a Follower of Vehumet.
             Slain by a troll (7 damage)
             ... on level 8 of the Dungeon.
             The game lasted 00:11:18 (8793 turns).

kae the Frost Mage (Demonspawn Ice Elementalist)    Turns: 8793, Time: 00:11:18

Health: -4/57      AC:  6    Str:  8    XL:     9   Next: 19%
Magic:  16/19      EV: 12    Int: 19    God:    Vehumet [*.....]
Gold:   280        SH:  0    Dex: 15    Spells: 7/21 levels left

rFire    x . .     SeeInvis .   (no weapon)
rCold    + . .     Gourm    .   (no shield)
rNeg     . . .     Faith    .   a - +0 robe
rPois    .         Spirit   .   (no helmet)
rElec    .         Reflect  .   (no cloak)
rCorr    .         Harm     .   i - +0 pair of gloves
MR       .....                  (no boots)
Stlth    ++++......             p - amulet of magic regeneration
HPRegen  0.19/turn              e - ring of ice
MPRegen  0.41/turn              (no ring)

@: no status effects
A: talons 1, yellow scales 2, nightstalker 2
a: Renounce Religion


You were on level 8 of the Dungeon.
You worshipped Vehumet.
Vehumet was aware of your devotion.
You were very hungry.

You visited 2 branches of the dungeon, and saw 9 of its levels.

You collected 280 gold pieces.

Inventory:

Armour
 a - a +0 robe (worn)
 i - a +0 pair of gloves (worn)
Jewellery
 e - a ring of ice (left hand)
 p - an amulet of magic regeneration (around neck)
Wands
 s - a wand of paralysis (14/24)
Scrolls
 f - 3 scrolls of remove curse
 j - 4 scrolls of teleportation
 l - 2 scrolls of enchant weapon
 n - a scroll of fear
 q - 2 scrolls of blinking
Potions
 d - 2 potions of brilliance
 k - a potion of haste
 m - a potion of heal wounds
 r - 4 potions of curing
 t - 2 potions of magic
 u - a potion of lignification
 v - a potion of agility
Books
 b - a book of Frost

   Spells                             Type                      Level
   a - Freeze                         Ice                          1
   b - Throw Frost                    Conjuration/Ice              2
   c - Ozocubu's Armour               Charms/Ice                   3
   d - Throw Icicle                   Conjuration/Ice              4
   e - Summon Ice Beast               Ice/Summoning                4
 w - a book of Changes

   Spells                             Type                      Level
   a - Beastly Appendage              Transmutation                1
   b - Sticks to Snakes               Transmutation                2
   c - Spider Form                    Transmutation/Poison         3
   d - Ice Form                       Ice/Transmutation            4
   e - Blade Hands                    Transmutation                5
 y - a book of Minor Magic

   Spells                             Type                      Level
   a - Magic Dart                     Conjuration                  1
   b - Blink                          Translocation                2
   c - Call Imp                       Summoning                    2
   d - Slow                           Hexes                        2
   e - Conjure Flame                  Conjuration/Fire             3
   f - Mephitic Cloud                 Conjuration/Poison/Air       3
Comestibles
 c - 6 bread rations
 g - 8 fruits
 h - 4 royal jellies
 o - 4 meat rations


   Skills:
 - Level 1.7 Dodging
 - Level 1.7 Stealth
 + Level 6.8 Spellcasting
 - Level 1.0 Conjurations
 * Level 9.6 Ice Magic


You had 7 spell levels left.
You knew the following spells:

 Your Spells              Type           Power        Failure   Level  Hunger
a - Freeze                Ice            ####         1%          1    None
b - Throw Frost           Conj/Ice       #####.       1%          2    None
c - Ozocubu's Armour      Chrm/Ice       #####...     4%          3    ##.....
d - Throw Icicle          Conj/Ice       #####...     12%         4    ####...
e - Summon Ice Beast      Ice/Summ       #####...     14%         4    ####...


Dungeon Overview and Level Annotations

Branches:
Dungeon (8/15)             Temple (1/1) D:6
   Lair: D:8-11

Altars:
Ashenzari
Cheibriados
Dithmenos
Elyvilon
Fedhas
Gozag
Hepliaklqana
Kikubaaqudgha
Makhleb
Nemelex Xobeh
Okawaru
Qazlal
Ru
Sif Muna
Trog
Uskayaw
Vehumet
Wu Jian
Xom
Yredelemnul
Zin
The Shining One


Innate Abilities, Weirdness & Mutations

You have sharp toenails.
You are mostly covered in yellow scales. (AC +3)
You are significantly more attuned to the shadows.


Message History

Aiming: Freeze
Press: ? - help, Shift-Dir - straight line, f/p - troll
Aim: a troll (heavily wounded)
You feel a surge of power!
You freeze the troll.
The troll is severely wounded.
The troll bites you! The troll barely misses you. The troll claws you!
* * * LOW HITPOINT WARNING * * *
Casting: Freeze
Confirm with . or Enter, or press ? or * to list all spells.
Aiming: Freeze
Press: ? - help, Shift-Dir - straight line, f/p - troll
Aim: a troll (severely wounded)
You feel a surge of power!
You freeze the troll.
The troll is severely wounded.
The troll bites you!
* * * LOW HITPOINT WARNING * * *
The troll claws you.
* * * LOW HITPOINT WARNING * * *
The troll claws you!
You die...

.. ...# ...
...# ...#
...## ....#
....#
.....#T...#
.....@#
.....<##
..####.# .
###


You could see a troll.

Vanquished Creatures
  The ghost of inthebank the Changer, a novice OpTm (D:4)
  Edmund (D:5)
  A water moccasin (D:6)
  An ice beast (D:7)
  4 ogres (D:5)
  A centaur (D:7)
  A big kobold (D:5)
  Blork the orc (D:6)
  2 bullfrogs (D:6)
  2 scorpions
  3 killer bees (D:7)
  3 hounds
  A jelly (D:7)
  4 orc priests
  Terence (D:2)
  5 worker ants
  An iguana (D:6)
  4 orc wizards
  2 hound skeletons
  8 adders
  3 river rats (D:4)
  2 oozes
  An adder skeleton (D:5)
  3 dart slugs
  6 leopard geckos
  14 orcs
  6 bats
  2 giant cockroaches (D:4)
  A goblin (D:1)
  2 hobgoblins
  4 jackals
  3 quokkas
  2 ball pythons
  5 frilled lizards
  9 kobolds
  A leopard gecko skeleton (D:4)
  18 rats
129 creatures vanquished.

Notes
Turn   | Place    | Note
-------+----------+-------------------------------------------
     0 | D:1      | kae the Demonspawn Ice Elementalist began the quest for the Orb.
     0 | D:1      | Reached XP level 1. HP: 13/13 MP: 3/3
   499 | D:1      | Reached skill level 3 in Ice Magic
   565 | D:1      | Gained mutation: You are partially covered in yellow scales. (AC +2) [demonic ancestry]
   565 | D:1      | Reached XP level 2. HP: 12/19 MP: 0/5
  1015 | D:2      | Gained mutation: You are slightly more attuned to the shadows. [demonic ancestry]
  1015 | D:2      | Reached XP level 3. HP: 24/24 MP: 4/6
  1212 | D:2      | Noticed a phantom
  1213 | D:2      | Noticed Terence
  1617 | D:2      | Killed Terence
  1617 | D:2      | Reached skill level 4 in Ice Magic
  1617 | D:2      | Reached XP level 4. HP: 24/30 MP: 1/8
  2677 | D:3      | Found a blossoming altar of Fedhas.
  2813 | D:4      | Learned a level 2 spell: Throw Frost
  2817 | D:4      | Learned a level 3 spell: Ozocubu's Armour
  2912 | D:4      | Reached XP level 5. HP: 35/35 MP: 7/9
  3012 | D:4      | Reached skill level 5 in Ice Magic
  3255 | D:4      | Gained mutation: You have sharp toenails. [demonic ancestry]
  3255 | D:4      | Reached XP level 6. HP: 37/41 MP: 4/11
  3589 | D:4      | Noticed inthebank's ghost (novice OpTm)
  3763 | D:4      | Killed inthebank's ghost
  3763 | D:4      | Reached skill level 6 in Ice Magic
  3763 | D:4      | Gained mutation: You are significantly more attuned to the shadows. [demonic ancestry]
  3763 | D:4      | Reached XP level 7. HP: 30/46 MP: 4/14
  3924 | D:5      | Entered Level 5 of the Dungeon
  4032 | D:5      | Reached skill level 5 in Spellcasting
  4032 | D:5      | Reached skill level 7 in Ice Magic
  4633 | D:5      | Noticed Edmund
  4643 | D:5      | Killed Edmund
  4643 | D:5      | Reached XP level 8. HP: 43/52 MP: 6/16
  4966 | D:5      | Reached skill level 8 in Ice Magic
  5473 | D:6      | Noticed Blork the orc
  5481 | D:6      | Killed Blork the orc
  5720 | D:6      | Found a staircase to the Ecumenical Temple.
  5796 | Temple   | Entered the Ecumenical Temple
  5926 | Temple   | Became a worshipper of Vehumet
  6364 | D:6      | Learned a level 4 spell: Throw Icicle
  6369 | D:6      | Learned a level 4 spell: Summon Ice Beast
  6604 | D:6      | Reached skill level 9 in Ice Magic
  7067 | D:6      | Noticed a moth of wrath
  7070 | D:6      | Found a bloodstained altar of Trog.
  7118 | D:6      | Reached * piety under Vehumet
  7118 | D:6      | Offered knowledge of Sandblast by Vehumet.
  7571 | D:7      | Found a snail-covered altar of Cheibriados.
  7749 | D:7      | Found a burning altar of Makhleb.
  8094 | D:7      | Gained mutation: You are mostly covered in yellow scales. (AC +3) [demonic ancestry]
  8094 | D:7      | Reached XP level 9. HP: 33/57 MP: 9/18
  8788 | D:8      | Noticed a troll
  8793 | D:8      | Slain by a troll

Vault maps used:
D:1:      dpeg_arrival_rooms_c
D:2:      hangedman_abyss_or_decor_lesser_grid, uniq_terence
D:3:      first_bread, fedhas_altar_3
D:4:      gup_sewer_entry_spiral
D:5:      uniq_edmund
D:6:      cheibrodos_quashed, minmay_temple_entry_grid, tgw_trog,
          uniq_blork_the_orc
D:7:      old_standard_altar, basic_altar, kennysheep_decorative_pillar
Temple:   kilobyte_greek_temple

Skill      XL: |  1  2  3  4  5  6  7  8 |
---------------+-------------------------+-----
Ice Magic      | 3 4 5 6 7 9 |  9.6
Spellcasting   | 3 4 5 6 |  6.8
Dodging        | |  1.7
Stealth        | |  1.7
Conjurations   | |  1.0

Action                   |  1- 3 |  4- 6 |  7- 9 || total
-------------------------+-------+-------+-------++-------
Melee: Unarmed           |    34 |    50 |    34 ||   118
       Kick              |       |     3 |     8 ||    11
 Cast: Freeze            |    56 |    90 |   120 ||   266
       Throw Frost       |       |       |    33 ||    33
       Throw Icicle      |       |       |     6 ||     6
       Ozocubu's Armour  |       |       |     1 ||     1
  Use: Scroll            |     4 |    10 |     4 ||    18
       Potion            |       |     1 |       ||     1
 Stab: Sleeping          |       |     4 |     4 ||     8
       Distracted        |       |     1 |       ||     1
  Eat: Chunk             |     1 |     7 |    12 ||    20
       Fruit             |       |       |     5 ||     5
Armor: Robe              |    11 |    30 |    39 ||    80
Dodge: Dodged            |    43 |    65 |    61 ||   169

Table legend:
 A = Spawn XP
 B = Non-spawn XP
 C = Spawn XP percentage of total XP
 D = Spawn monster count
 E = Non-spawn monster count
 F = Spawn count percentage of total count
 G = Total turns spent on level
                    A         B        C        D         E        F      G
               +---------+---------+-------+---------+---------+-------+---------
         Total |       0 |    3322 |   0.0 |       0 |     129 |   0.0 |  8793
               +---------+---------+-------+---------+---------+-------+---------
           D:1 |       0 |      25 |   0.0 |       0 |      17 |   0.0 |   926
           D:2 |       0 |      94 |   0.0 |       0 |      17 |   0.0 |   787
           D:3 |       0 |      74 |   0.0 |       0 |      14 |   0.0 |  1096
           D:4 |       0 |     809 |   0.0 |       0 |      25 |   0.0 |  1115
           D:5 |       0 |     868 |   0.0 |       0 |      14 |   0.0 |  1363
           D:6 |       0 |     879 |   0.0 |       0 |      28 |   0.0 |  2113
           D:7 |       0 |     573 |   0.0 |       0 |      14 |   0.0 |  1220
               +---------+---------+-------+---------+---------+-------+---------
